| TOP OF THE 1ST |
|
San Francisco (APP) Giants batting - Pitching for Kingsport Mets : LHP David Salcido
|
|
Pitching: LHP David Salcido
|
|
|
Batting: RHB Sean Gilbert
|
0-0: Ball 1-0: Swinging Strike 1-1: Foul Ball, location: 2F 1-2: Ball 2-2: Strikes out looking
|
|
Batting: SHB Michael Woodard
|
0-0: Ground out 6-3 (Groundball, 6M, EV 109.4 MPH)
|
|
Batting: RHB Jonathan Hemsley
|
0-0: Foul Ball, location: 2F 0-1: Swinging Strike 0-2: Foul Ball, location: 2F 0-2: Hit by Pitch
|
|
Batting: RHB Rúbem Trancoso
|
0-0: Ball 1-0: Called Strike 1-1: Foul Ball, location: 2F 1-2: Foul Ball, location: 2F 1-2: Foul Ball, location: 2F 1-2: Strikes out looking
|
| Top of the 1st over - 0 runs, 0 hits, 0 errors, 1 left on base; San Francisco (APP) 0 - Kingsport 0 |
| BOTTOM OF THE 1ST |
|
Kingsport Mets batting - Pitching for San Francisco (APP) Giants : LHP Randy Monaco
|
|
Pitching: LHP Randy Monaco
|
|
|
Batting: RHB Michael Youngberry
|
0-0: Ball 1-0: Foul Ball, location: 2F 1-1: SINGLE (Line Drive, 56, EV 97.5 MPH)
|
|
Batting: RHB Artyom Shavkunov
|
0-0: Ball Michael Youngberry steals 2nd base 1-0: Swinging Strike 1-1: Ground out 6-3 (Groundball, 6, EV 104.4 MPH)
|
|
Batting: SHB Tyler Maddux
|
0-0: Ball 1-0: Ball 2-0: Called Strike 2-1: Ball Michael Youngberry steals 3rd base (no throw) 3-1: 2-RUN HOME RUN (Flyball, 7LD, EV 91.9 MPH) (Inside the Park)
|
|
Batting: SHB Nick Daigle
|
0-0: Ball 1-0: Ball 2-0: Ball 3-0: Base on Balls
|
|
Batting: RHB Bill Crogan
|
0-0: 2-RUN HOME RUN (Flyball, 78XD, EV 102.5 MPH), Distance : 414 ft
|
|
Batting: RHB Enrique Aguirre
|
0-0: Called Strike 0-1: SINGLE (Groundball, 56D, EV 102.5 MPH)
|
|
Batting: RHB Chris Artz
|
0-0: Called Strike 0-1: Ball Passed Ball! Enrique Aguirre to second 1-1: Swinging Strike 1-2: Strikes out swinging
|
|
Batting: SHB Keith Casner
|
0-0: Ball Passed Ball! Enrique Aguirre to third 1-0: Ball 2-0: Called Strike 2-1: Ball 3-1: Fly out, F9 (Flyball, 89S, EV 87.5 MPH)
|
| Bottom of the 1st over - 4 runs, 4 hits, 0 errors, 1 left on base; San Francisco (APP) 0 - Kingsport 4 |
| TOP OF THE 2ND |
|
San Francisco (APP) Giants batting - Pitching for Kingsport Mets : LHP David Salcido
|
|
Batting: SHB Russ Hudson
|
0-0: Ball 1-0: Ball 2-0: Swinging Strike 2-1: Called Strike 2-2: Ball 3-2: Foul Ball, location: 2F 3-2: Foul Ball, location: 2F 3-2: Strikes out looking
|
|
Batting: RHB Edward Jones
|
0-0: Called Strike 0-1: Called Strike 0-2: Strikes out looking
|
|
Batting: RHB James Jenkins
|
0-0: Called Strike 0-1: Foul Ball, location: 2F 0-2: Strikes out swinging
|
| Top of the 2nd over - 0 runs, 0 hits, 0 errors, 0 left on base; San Francisco (APP) 0 - Kingsport 4 |
| BOTTOM OF THE 2ND |
|
Kingsport Mets batting - Pitching for San Francisco (APP) Giants : LHP Randy Monaco
|
|
Batting: RHB Sam Callahan
|
0-0: Ball 1-0: Called Strike 1-1: Foul Ball, location: 2F 1-2: Ball 2-2: Foul Ball, location: 2F 2-2: Strikes out swinging
|
|
Batting: RHB Michael Youngberry
|
0-0: Ball 1-0: Ball 2-0: Ball 3-0: Called Strike 3-1: Swinging Strike 3-2: Strikes out swinging
|
|
Batting: RHB Artyom Shavkunov
|
0-0: Called Strike 0-1: Swinging Strike 0-2: Ball 1-2: Ball 2-2: Ground out 6-3 (Groundball, 6, EV 78.8 MPH)
|
| Bottom of the 2nd over - 0 runs, 0 hits, 0 errors, 0 left on base; San Francisco (APP) 0 - Kingsport 4 |
| TOP OF THE 3RD |
|
San Francisco (APP) Giants batting - Pitching for Kingsport Mets : LHP David Salcido
|
|
Batting: RHB Danny Estrada
|
0-0: Ball 1-0: Ball 2-0: Foul Ball, location: 2F 2-1: Called Strike 2-2: Ground out 6-3 (Groundball, 6, EV 90.6 MPH)
|
|
Batting: RHB Ken Cromsie
|
0-0: Called Strike 0-1: Foul Ball, location: 2F 0-2: Ball 1-2: Ball 2-2: Strikes out swinging
|
|
Batting: RHB Sean Gilbert
|
0-0: Reached on error, E1 (Groundball, 15, EV 65.6 MPH)
|
|
Batting: SHB Michael Woodard
|
0-0: Swinging Strike 0-1: Swinging Strike 0-2: Ball 1-2: Ball 2-2: Strikes out swinging
|
| Top of the 3rd over - 0 runs, 0 hits, 1 error, 1 left on base; San Francisco (APP) 0 - Kingsport 4 |
| BOTTOM OF THE 3RD |
|
Kingsport Mets batting - Pitching for San Francisco (APP) Giants : LHP Randy Monaco
|
|
Batting: SHB Tyler Maddux
|
0-0: Foul Ball, location: 2F 0-1: Ball 1-1: Ball 2-1: Reached on error, E5 (Groundball, 56, EV 90.0 MPH)
|
|
Batting: SHB Nick Daigle
|
0-0: DOUBLE (Line Drive, 7LS, EV 96.2 MPH) Tyler Maddux to third
|
|
Batting: RHB Bill Crogan
|
0-0: Swinging Strike Passed Ball! Tyler Maddux scores Nick Daigle to third 0-1: Called Strike 0-2: Ball 1-2: Strikes out swinging
|
|
Batting: RHB Enrique Aguirre
|
0-0: Ball 1-0: Ball 2-0: Ball 3-0: Base on Balls
|
|
Batting: RHB Chris Artz
|
0-0: Fielders Choice at 2nd, 6-4 (Groundball, 6, EV 103.1 MPH) Nick Daigle scores
|
|
Batting: SHB Keith Casner
|
0-0: Swinging Strike Passed Ball! Chris Artz to second 0-1: Fly out, F9 (Flyball, 9, EV 86.9 MPH)
|
| Bottom of the 3rd over - 2 runs, 1 hit, 1 error, 1 left on base; San Francisco (APP) 0 - Kingsport 6 |
| TOP OF THE 4TH |
|
San Francisco (APP) Giants batting - Pitching for Kingsport Mets : LHP David Salcido
|
|
Batting: RHB Jonathan Hemsley
|
0-0: Foul Ball, location: 2F 0-1: Ball 1-1: Foul Ball, location: 2F 1-2: Ball 2-2: Ball 3-2: Foul Ball, location: 2F 3-2: Foul Ball, location: 2F 3-2: Base on Balls
|
|
Batting: RHB Rúbem Trancoso
|
0-0: Ball 1-0: SINGLE (Groundball, 6MD, EV 108.8 MPH) Jonathan Hemsley to second Runner from 2nd tries for 3rd, SAFE, throw by CF made to third
|
|
Batting: SHB Russ Hudson
|
0-0: Ball 1-0: Called Strike 1-1: Ball Wild Pitch! Jonathan Hemsley scores Rúbem Trancoso to second 2-1: Swinging Strike 2-2: Strikes out looking
|
|
Batting: RHB Edward Jones
|
0-0: Called Strike 0-1: Reached on error, E5 (Groundball, 56S, EV 72.5 MPH) Rúbem Trancoso to third
|
|
Batting: RHB James Jenkins
|
0-0: Called Strike 0-1: Ball 1-1: Foul Ball, location: 2F 1-2: Ball 2-2: Foul Ball, location: 2F 2-2: Ball 3-2: Base on Balls Edward Jones to second
|
|
Batting: RHB Danny Estrada
|
0-0: Ball 1-0: Ball 2-0: Ball 3-0: Called Strike 3-1: Base on Balls Rúbem Trancoso scores Edward Jones to third James Jenkins to second
|
|
Batting: RHB Ken Cromsie
|
0-0: Ball 1-0: Ball 2-0: Swinging Strike 2-1: Swinging Strike 2-2: Strikes out swinging
|
|
Batting: RHB Sean Gilbert
|
0-0: Called Strike 0-1: Ground out 5-3 (Groundball, 56, EV 100.0 MPH)
|
| Top of the 4th over - 2 runs, 1 hit, 1 error, 3 left on base; San Francisco (APP) 2 - Kingsport 6 |
| BOTTOM OF THE 4TH |
|
Kingsport Mets batting - Pitching for San Francisco (APP) Giants : LHP Randy Monaco
|
|
Batting: RHB Sam Callahan
|
0-0: Called Strike 0-1: Swinging Strike 0-2: Foul Ball, location: 2F 0-2: Foul Ball, location: 2F 0-2: TRIPLE (Flyball, 8LXD, EV 108.8 MPH)
|
|
Batting: RHB Michael Youngberry
|
0-0: Ball 1-0: Swinging Strike Passed Ball! Sam Callahan scores 1-1: Foul Ball, location: 2F 1-2: Foul Ball, location: 2F 1-2: Strikes out swinging
|
|
Batting: RHB Artyom Shavkunov
|
0-0: Ground out 1-3 (Groundball, 13, EV 69.4 MPH)
|
|
Batting: SHB Tyler Maddux
|
0-0: Ground out 5-3 (Groundball, 5L, EV 105.0 MPH)
|
| Bottom of the 4th over - 1 run, 1 hit, 0 errors, 0 left on base; San Francisco (APP) 2 - Kingsport 7 |
| TOP OF THE 5TH |
|
San Francisco (APP) Giants batting - Pitching for Kingsport Mets : LHP David Salcido
|
|
Batting: SHB Michael Woodard
|
0-0: Fly out, F7 (Flyball, 7, EV 87.5 MPH)
|
|
Batting: RHB Jonathan Hemsley
|
0-0: Ball 1-0: Foul Ball, location: 2F 1-1: Foul Ball, location: 2F 1-2: Ball 2-2: Ball 3-2: Fly out, F9 (Flyball, 9, EV 90.6 MPH)
|
|
Batting: RHB Rúbem Trancoso
|
0-0: Ground out 5-3 (Groundball, 56S, EV 76.9 MPH)
|
| Top of the 5th over - 0 runs, 0 hits, 0 errors, 0 left on base; San Francisco (APP) 2 - Kingsport 7 |
| BOTTOM OF THE 5TH |
|
Kingsport Mets batting - Pitching for San Francisco (APP) Giants : LHP Randy Monaco
|
|
Batting: SHB Nick Daigle
|
0-0: Ball 1-0: Ball 2-0: Foul Ball, location: 2F 2-1: Foul Ball, location: 2F 2-2: SOLO HOME RUN (Line Drive, 7D, EV 107.5 MPH), Distance : 388 ft
|
|
Pitching: RHP Jerry Schlaak
|
|
|
Batting: RHB Bill Crogan
|
0-0: Ball 1-0: Called Strike 1-1: Ball 2-1: Ball 3-1: Base on Balls
|
|
Batting: RHB Enrique Aguirre
|
0-0: Ball 1-0: Ball 2-0: Foul Ball, location: 2F 2-1: Ball Wild Pitch! Bill Crogan to second 3-1: Base on Balls
|
|
Batting: RHB Chris Artz
|
0-0: Called Strike 0-1: Foul Ball, location: 2F 0-2: Ball 1-2: Foul Ball, location: 2F 1-2: Foul Ball, location: 2F 1-2: Ball Passed Ball! Bill Crogan to third Enrique Aguirre to second 2-2: SINGLE (Flyball, 8RS, EV 94.4 MPH) Bill Crogan scores Enrique Aguirre to third Runner from 3rd tries for Home, SAFE, throw by CF to home
|
|
Batting: SHB Keith Casner
|
0-0: Called Strike 0-1: SINGLE (Flyball, 9LS, EV 98.8 MPH) Chris Artz to second
|
|
Pitching: RHP Newt Reid
|
|
|
Batting: RHB Sam Callahan
|
0-0: Ball 1-0: Ball Wild Pitch! Chris Artz to third Keith Casner to second 2-0: Called Strike 2-1: Ball Passed Ball! Chris Artz scores Keith Casner to third 3-1: Base on Balls
|
|
Batting: RHB Michael Youngberry
|
0-0: Ball 1-0: Ball Passed Ball! Keith Casner scores Sam Callahan to second 2-0: Called Strike 2-1: Ball 3-1: Called Strike 3-2: Foul Ball, location: 2F 3-2: Base on Balls
|
|
Batting: RHB Artyom Shavkunov
|
0-0: Ball Wild Pitch! Sam Callahan to third Michael Youngberry to second 1-0: Ball 2-0: Foul Ball, location: 2F 2-1: Called Strike 2-2: Ball 3-2: Base on Balls
|
|
Pitching: RHP Sam Green
|
|
|
Batting: SHB Tyler Maddux
|
0-0: Swinging Strike 0-1: Swinging Strike Passed Ball! Sam Callahan scores Michael Youngberry to third Artyom Shavkunov to second 0-2: Strikes out looking
|
|
Batting: SHB Nick Daigle
|
0-0: Ball 1-0: Ball Wild Pitch! Michael Youngberry scores Artyom Shavkunov to third 2-0: Ball 3-0: Called Strike 3-1: SINGLE (Groundball, 4MD, EV 99.4 MPH) Artyom Shavkunov scores
|
|
Batting: RHB Bill Crogan
|
0-0: Ball Wild Pitch! Nick Daigle to second 1-0: Ball 2-0: Ball 3-0: Base on Balls
|
|
Batting: RHB Enrique Aguirre
|
0-0: Ball 1-0: Ball 2-0: Foul Ball, location: 2F 2-1: Foul Ball, location: 2F 2-2: SINGLE (Groundball, 34D, EV 94.4 MPH) Nick Daigle to third Bill Crogan to second Runner from 3rd tries for Home, throw by RF and OUT! 9-2 Bill Crogan to third Enrique Aguirre to second
|
|
Batting: RHB Chris Artz
|
0-0: Called Strike 0-1: Ball 1-1: 3-RUN HOME RUN (Flyball, 78XD, EV 107.5 MPH), Distance : 405 ft
|
|
Pitching: RHP Corey Foster
|
|
|
Batting: SHB Keith Casner
|
0-0: Ground out 4-3 (Groundball, 4, EV 81.2 MPH)
|
| Bottom of the 5th over - 11 runs, 6 hits, 0 errors, 0 left on base; San Francisco (APP) 2 - Kingsport 18 |
| TOP OF THE 6TH |
|
San Francisco (APP) Giants batting - Pitching for Kingsport Mets : LHP David Salcido
|
|
Pitching: RHP Justin Williams
|
|
|
Batting: SHB Russ Hudson
|
0-0: Ball 1-0: Called Strike 1-1: Foul Ball, location: 2F 1-2: Strikes out looking
|
|
Batting: RHB Edward Jones
|
0-0: Ball 1-0: Foul Ball, location: 2F 1-1: Ball 2-1: Called Strike 2-2: DOUBLE (Line Drive, 5D, EV 98.1 MPH)
|
|
Batting: RHB James Jenkins
|
0-0: SINGLE (Flyball, 56D, EV 96.2 MPH) Edward Jones to third
|
|
Batting: RHB Danny Estrada
|
0-0: Foul Ball, location: 2F 0-1: Fly out, F8 (Flyball, 8LD, EV 84.4 MPH) Runner from 3rd tags up, OUT at HOME! 8-2
|
| Top of the 6th over - 0 runs, 2 hits, 0 errors, 1 left on base; San Francisco (APP) 2 - Kingsport 18 |
| BOTTOM OF THE 6TH |
|
Kingsport Mets batting - Pitching for San Francisco (APP) Giants : RHP Corey Foster
|
|
Batting: RHB Sam Callahan
|
0-0: SINGLE (Groundball, 3D, EV 97.5 MPH)
|
|
Batting: RHB Michael Youngberry
|
0-0: Fielders Choice at 2nd, 4-6 (Groundball, 4, EV 77.5 MPH)
|
|
Batting: RHB Artyom Shavkunov
|
0-0: Called Strike 0-1: Fielders Choice at 2nd, 4-6 (Groundball, 4, EV 93.8 MPH)
|
|
Batting: SHB Tyler Maddux
|
0-0: Called Strike 0-1: Fly out, F6 (Line Drive, 6D, EV 65.6 MPH)
|
| Bottom of the 6th over - 0 runs, 1 hit, 0 errors, 1 left on base; San Francisco (APP) 2 - Kingsport 18 |
| TOP OF THE 7TH |
|
San Francisco (APP) Giants batting - Pitching for Kingsport Mets : RHP Justin Williams
|
|
Batting: RHB Ken Cromsie
|
0-0: Foul Ball, location: 2F 0-1: Foul Ball, location: 2F 0-2: Strikes out swinging
|
|
Batting: RHB Sean Gilbert
|
0-0: Ball 1-0: Foul Ball, location: 2F 1-1: Foul Ball, location: 2F 1-2: Strikes out swinging
|
|
Batting: SHB Michael Woodard
|
0-0: Ball 1-0: Swinging Strike 1-1: Called Strike 1-2: Foul Ball, location: 2F 1-2: Strikes out swinging
|
| Top of the 7th over - 0 runs, 0 hits, 0 errors, 0 left on base; San Francisco (APP) 2 - Kingsport 18 |
| BOTTOM OF THE 7TH |
|
Kingsport Mets batting - Pitching for San Francisco (APP) Giants : RHP Corey Foster
|
|
Batting: SHB Nick Daigle
|
0-0: SOLO HOME RUN (Flyball, 89XD, EV 103.8 MPH), Distance : 393 ft
|
|
Batting: RHB Bill Crogan
|
0-0: Ball 1-0: Swinging Strike 1-1: Foul Ball, location: 2F 1-2: Strikes out swinging
|
|
Batting: RHB Enrique Aguirre
|
0-0: Ball 1-0: Called Strike 1-1: Ball 2-1: Foul Ball, location: 2F 2-2: SINGLE (Groundball, 56D, EV 96.2 MPH) (infield hit)
|
|
Batting: RHB Chris Artz
|
0-0: Called Strike 0-1: Ball 1-1: Ball Passed Ball! Enrique Aguirre to second 2-1: Hit by Pitch
|
|
Pitching: RHP Conrad van Gemert
|
|
|
Batting: SHB Keith Casner
|
0-0: Called Strike 0-1: Fly out, F8 (Flyball, 8RS, EV 84.4 MPH)
|
|
Batting: RHB Sam Callahan
|
0-0: Ball Passed Ball! Enrique Aguirre to third Chris Artz to second 1-0: SINGLE (Flyball, 34D, EV 83.8 MPH) Enrique Aguirre scores Chris Artz to third Runner from 3rd tries for Home, SAFE, throw by RF to home Sam Callahan to second
|
|
Batting: RHB Michael Youngberry
|
0-0: Ball 1-0: Fly out, F9 (Flyball, 9, EV 88.1 MPH)
|
| Bottom of the 7th over - 3 runs, 3 hits, 0 errors, 1 left on base; San Francisco (APP) 2 - Kingsport 21 |
| TOP OF THE 8TH |
|
San Francisco (APP) Giants batting - Pitching for Kingsport Mets : RHP Justin Williams
|
|
Batting: RHB Jonathan Hemsley
|
0-0: Ball 1-0: Called Strike 1-1: SINGLE (Groundball, 6S, EV 73.8 MPH) (infield hit)
|
|
Batting: RHB Rúbem Trancoso
|
0-0: Hit by Pitch Jonathan Hemsley to second
|
|
Batting: SHB Russ Hudson
|
0-0: Ball 1-0: Foul Ball, location: 2F 1-1: Swinging Strike 1-2: Ball 2-2: Strikes out swinging
|
|
Batting: RHB Edward Jones
|
0-0: Sac Bunt to 13S - play at first, batter OUT! 1-3 Jonathan Hemsley to third Rúbem Trancoso to second
|
|
Batting: RHB James Jenkins
|
0-0: Swinging Strike 0-1: Ground out U3 (Groundball, 34, EV 104.4 MPH)
|
| Top of the 8th over - 0 runs, 1 hit, 0 errors, 2 left on base; San Francisco (APP) 2 - Kingsport 21 |
| BOTTOM OF THE 8TH |
|
Kingsport Mets batting - Pitching for San Francisco (APP) Giants : RHP Conrad van Gemert
|
|
Batting: RHB Artyom Shavkunov
|
0-0: Ground out 4-3 (Groundball, 4, EV 104.4 MPH)
|
|
Pinch Hitting: SHB Josh Thomson
|
0-0: Ball 1-0: Ball 2-0: Ball 3-0: Called Strike 3-1: Foul Ball, location: 2F 3-2: Base on Balls
|
|
Batting: SHB Nick Daigle
|
0-0: Ball Wild Pitch! Josh Thomson to second 1-0: Ball Wild Pitch! Josh Thomson to third 2-0: Ball 3-0: Base on Balls
|
|
Batting: RHB Bill Crogan
|
0-0: Ball 1-0: Ball Wild Pitch! Josh Thomson scores Nick Daigle to second 2-0: Foul Ball, location: 2F 2-1: Swinging Strike 2-2: Strikes out swinging
|
|
Batting: RHB Enrique Aguirre
|
0-0: Ball Wild Pitch! Nick Daigle to third 1-0: Swinging Strike 1-1: Ball 2-1: SINGLE (Groundball, 6MS, EV 73.1 MPH) (infield hit) Nick Daigle scores
|
|
Batting: RHB Chris Artz
|
0-0: TRIPLE (Flyball, 8LXD, EV 108.8 MPH) Enrique Aguirre scores
|
|
Batting: SHB Keith Casner
|
0-0: Ball Passed Ball! Chris Artz scores 1-0: Ball 2-0: Foul Ball, location: 2F 2-1: Swinging Strike 2-2: Ball 3-2: Base on Balls
|
|
Batting: RHB Sam Callahan
|
0-0: SINGLE (Groundball, 6MS, EV 63.8 MPH) (infield hit) Keith Casner to second
|
|
Batting: RHB Michael Youngberry
|
0-0: Ball 1-0: Swinging Strike 1-1: Called Strike 1-2: Foul Ball, location: 2F 1-2: Strikes out swinging
|
| Bottom of the 8th over - 4 runs, 3 hits, 0 errors, 2 left on base; San Francisco (APP) 2 - Kingsport 25 |
| TOP OF THE 9TH |
|
San Francisco (APP) Giants batting - Pitching for Kingsport Mets : RHP Justin Williams
|
|
Now at 2B: Josh Thomson
|
|
|
Batting: RHB Danny Estrada
|
0-0: Swinging Strike 0-1: Ground out 5-3 (Groundball, 56S, EV 90.0 MPH)
|
|
Batting: RHB Ken Cromsie
|
0-0: Ball 1-0: SINGLE (Line Drive, 7S, EV 95.0 MPH)
|
|
Pitching: RHP Jose Herrera
|
|
|
Batting: RHB Sean Gilbert
|
0-0: Ball 1-0: Ball 2-0: Ball 3-0: Swinging Strike 3-1: Called Strike 3-2: Strikes out swinging
|
|
Batting: SHB Michael Woodard
|
0-0: Fly out, F9 (Line Drive, 9D, EV 95.0 MPH)
|
| Top of the 9th over - 0 runs, 1 hit, 0 errors, 1 left on base; San Francisco (APP) 2 - Kingsport 25 |
|